Map: 이페머론 - 래더

Players

TSGSolar (Solar)

  • Race: Zerg Zerg
  • League: Diamond
  • Spawn Location: 11:00

soO - Winner!

  • Race: Zerg Zerg
  • League: Master
  • Spawn Location: 5:00

Event: HomeStory Cup XX

VOD

Have the link to the VOD?

Description

Time

  • Played on: Nov. 23, 2019, 1:50 p.m.
  • Length: 14:05

All games in this series

Show
View Real Time Build Order
Export as new Build Order

TSGSolar Zerg 

Build Orders: Hatch First, Lurkers 

Get SALT Encoding   

  12  0:01  Drone  
  13  0:12  Overlord  
  13  0:17  Drone  
  14  0:30  Drone x2  
  16  0:49  Hatchery  
  15  0:51  Drone  
  15  0:55  Drone  
  17  0:59  Drone  
  18  1:09  Extractor  
  17  1:14  Spawning Pool  
  17  1:18  Drone  
  17  1:20  Drone  
  18  1:28  Drone  
  19  1:38  Drone  
  20  1:48  Overlord  
  20  2:01  Queen x2  
  20  2:02  Zergling x2  
  20  2:03  Drone  
  26  2:11  Metabolic Boost  
  26  2:12  Drone x2  
  28  2:23  Drone x2  
  30  2:35  Hatchery  
  29  2:37  Drone  
  29  2:39  Drone  
  31  2:48  Queen  
  33  2:51  Overlord  
  33  2:58  Baneling Nest  
  32  2:59  Drone  
  32  3:02  Drone  
  32  3:03  Zergling x2  
  35  3:07  Drone  
  35  3:11  Drone x2  
  35  3:12  Zergling x2  
  39  3:14  Zergling x2  
  39  3:17  Drone  
  39  3:18  Drone  
  42  3:22  Drone  
  42  3:26  Overlord  
  42  3:28  Zergling x2  
  43  3:41  Baneling  
  43  3:45  Drone x4  
  43  3:46  Drone, Evolution Chamber  
  43  3:47  Drone  
  43  3:48  Drone  
  49  3:49  Overlord  
  49  3:52  Zergling x2  
  51  3:55  Drone  
  51  3:56  Drone x2  
  51  3:57  Drone  
  51  4:00  Drone  
  55  4:03  Overlord  
  55  4:08  Drone x2  
  57  4:12  Zerg Missile Weapons Level 1  
  57  4:17  Roach Warren  
  57  4:18  Drone x3  
  57  4:19  Drone  
  57  4:20  Drone  
  57  4:22  Zergling x2  
  57  4:23  Zergling x2  
  63  4:26  Drone x3  
  66  4:32  Lair  
  66  4:34  Extractor, Drone  
  66  4:35  Extractor, Drone x2  
  66  4:37  Drone  
  67  4:40  Overlord  
  67  4:41  Drone  
  67  4:44  Drone  
  69  4:49  Drone x4  
  69  4:51  Pneumatized Carapace  
  73  4:54  Drone, Overlord  
  73  4:55  Extractor x2, Drone  
  73  4:56  Drone  
  73  4:59  Overlord  
  74  5:01  Drone x2  
  74  5:05  Drone  
  74  5:06  Extractor, Drone x2  
  77  5:11  Drone  
  77  5:13  Overlord  
  78  5:14  Drone  
  79  5:24  Overlord  
  79  5:28  Roach  
  79  5:29  Roach x3  
  79  5:30  Glial Reconstitution, Drone  
  79  5:31  Overseer  
  79  5:32  Overseer  
  79  5:34  Roach  
  90  5:36  Roach  
  90  5:38  Roach x2  
  90  5:41  Hydralisk Den  
  90  5:42  Drone  
  96  5:45  Hatchery, Roach x2  
  96  5:47  Overlord  
  96  5:49  Overlord  
  99  5:55  Overlord  
  99  5:57  Roach x3  
  105  6:02  Overlord  
  105  6:03  Overlord  
  105  6:07  Overlord  
  105  6:08  Drone  
  105  6:13  Hydralisk x2  
  105  6:14  Lurker Den  
  105  6:15  Roach  
  109  6:19  Hatchery  
  109  6:21  Roach  
  110  6:28  Baneling x3  
  110  6:29  Overlord  
  110  6:32  Zerg Missile Weapons Level 2  
  110  6:33  Roach x2  
  110  6:34  Overlord, Roach x2  
  110  6:38  Roach x3  
  110  6:39  Roach  
  125  6:41  Hydralisk  
  125  6:43  Hydralisk  
  129  6:48  Roach x3  
  129  6:51  Overlord  
  129  6:52  Roach  
  137  6:59  Roach x2  
  137  7:00  Roach x2  
  145  7:02  Overlord  
  145  7:03  Overlord  
  144  7:10  Roach x3  
  144  7:12  Overlord  
  151  7:15  Lurker  
  151  7:16  Lurker x2  
  151  7:22  Lurker  
  154  7:23  Roach  
  154  7:24  Overlord  
  154  7:26  Roach x2  
  154  7:29  Drone, Roach  
  165  7:30  Spore Crawler, Roach  
  165  7:34  Roach  
  165  7:35  Roach x2  
  170  7:38  Roach x2  
  170  7:39  Roach  
  176  7:44  Roach x2  
  176  7:45  Roach  
  176  7:47  Overlord  
  176  7:50  Roach  
  184  7:55  Roach x3  
  184  7:57  Roach  
  184  7:59  Roach  
  184  8:01  Roach  
  184  8:02  Roach  
  190  8:06  Ravager x2  
  190  8:07  Roach  
  190  8:08  Roach  
  195  8:12  Roach  
  195  8:13  Roach  
  195  8:14  Roach  
  195  8:15  Roach  
  195  8:17  Roach  
  195  8:19  Roach  
  191  8:26  Roach x3  
  184  8:28  Ravager  
  184  8:30  Roach x2  
  184  8:33  Roach  
  184  8:34  Roach  
  189  8:36  Drone  
  189  8:37  Drone  
  189  8:38  Drone  
  189  8:39  Drone  
  177  8:43  Roach  
  177  8:44  Roach  
  177  8:46  Roach  
  177  8:48  Roach  
  159  8:52  Roach x2  
  140  8:58  Roach x3  
  140  9:01  Ravager, Roach  
  140  9:02  Ravager x2  
  141  9:03  Roach  
  141  9:06  Roach  
  141  9:07  Roach  
  138  9:10  Ravager  
  138  9:11  Roach x2  
  138  9:15  Ravager  
  144  9:17  Ravager  
  144  9:18  Roach x3  
  144  9:19  Roach  
  144  9:23  Roach x2  
  157  9:28  Roach x2  
  157  9:30  Ravager  
  162  9:32  Roach x2  
  162  9:35  Roach  
  162  9:37  Roach x2  
  172  9:39  Extractor  
  172  9:40  Roach  
  172  9:42  Roach  
  172  9:45  Roach  
  173  9:49  Ravager  
  173  9:51  Roach x3  
  180  9:53  Roach  
  180  9:54  Roach  
  180  9:56  Roach  
  180  9:59  Roach x2  
  184  10:01  Roach  
  184  10:06  Ravager  
  181  10:08  Roach x2  
  181  10:14  Roach x2  
  183  10:16  Roach x2  
  183  10:19  Roach x2  
  189  10:22  Roach x2  
  189  10:26  Extractor  
  192  10:30  Drone x4  
  192  10:32  Hydralisk  
  192  10:33  Hydralisk  
  188  10:49  Hydralisk x2  
  187  10:50  Hydralisk  
  187  10:54  Queen  
  181  11:02  Hydralisk x2  
  181  11:04  Roach x3  
  187  11:08  Lurker  
  186  11:12  Roach x3  
  190  11:22  Lurker x3  
  189  11:27  Roach x5  
  195  11:34  Ravager  
  195  11:38  Overlord  
  199  11:40  Roach x2  
  199  11:49  Zerg Ground Armor Level 1  
  199  11:52  Lurker  
  198  12:14  Roach  
  198  12:16  Roach  
  198  12:20  Roach  
  167  12:26  Roach x2  
  156  12:31  Roach x2  
  156  12:32  Roach x6  
  156  12:33  Roach x10  
  156  12:36  Roach x2  
  156  12:37  Roach  
  181  12:41  Roach x2  
  167  12:46  Roach x2  
  167  12:49  Roach x2  
  164  12:53  Roach  
  164  12:55  Overseer  
  164  12:56  Overseer x2  
  164  12:57  Roach  
  157  13:02  Roach x2  
  157  13:03  Ravager  
  157  13:04  Ravager x2  
  164  13:07  Ravager x4  
  164  13:08  Ravager  
  164  13:09  Ravager x2  
  164  13:11  Ravager x2  
  173  13:16  Roach x2  
  173  13:17  Ravager x2  
  173  13:18  Ravager  
  180  13:20  Roach  
  180  13:24  Roach x2  
  186  13:32  Roach x2  
  186  13:33  Roach  
  187  13:35  Overseer  
  187  13:37  Roach x2  
  187  13:38  Roach  
  186  13:41  Roach  
  182  13:49  Overseer  
Show
View Real Time Build Order
Export as new Build Order

soO Zerg - Winner!

Build Orders: Hatch First, Lurkers 

Get SALT Encoding   

  12  0:00  Drone  
  13  0:12  Overlord  
  13  0:17  Drone  
  14  0:30  Drone x2  
  16  0:47  Hatchery  
  15  0:51  Drone  
  15  0:54  Drone  
  17  0:58  Drone  
  18  1:08  Extractor  
  17  1:13  Spawning Pool  
  17  1:16  Drone  
  17  1:20  Drone  
  18  1:28  Drone  
  19  1:38  Drone  
  20  1:48  Overlord  
  20  1:59  Queen  
  20  2:00  Queen, Drone  
  20  2:01  Drone  
  26  2:08  Metabolic Boost  
  26  2:10  Drone  
  26  2:11  Drone  
  28  2:21  Drone  
  29  2:25  Drone  
  30  2:34  Hatchery  
  29  2:39  Zergling x2  
  29  2:41  Zergling x2  
  29  2:43  Overlord  
  31  2:48  Zergling x2  
  32  2:53  Drone x2  
  34  2:58  Baneling Nest  
  34  3:04  Queen  
  34  3:05  Drone  
  36  3:07  Drone  
  36  3:08  Drone  
  36  3:11  Drone  
  39  3:15  Drone  
  39  3:16  Drone  
  41  3:24  Drone  
  41  3:25  Zergling x2  
  43  3:31  Drone, Overlord  
  44  3:35  Evolution Chamber  
  44  3:37  Drone  
  44  3:47  Drone  
  44  3:48  Drone x2  
  47  3:52  Drone  
  47  3:53  Drone  
  47  3:54  Drone  
  47  3:55  Drone  
  51  3:56  Drone x3, Overlord  
  51  4:01  Zerg Missile Weapons Level 1  
  54  4:07  Drone x2  
  54  4:08  Lair  
  54  4:09  Drone  
  57  4:13  Drone  
  57  4:15  Drone x2  
  57  4:16  Extractor x2  
  58  4:17  Drone x2  
  58  4:21  Baneling  
  58  4:24  Drone x3, Overlord  
  63  4:32  Roach Warren  
  63  4:33  Overlord  
  63  4:34  Drone x2  
  64  4:40  Drone  
  64  4:42  Drone x2  
  64  4:45  Drone  
  68  4:47  Pneumatized Carapace  
  68  4:48  Drone x2  
  68  4:49  Extractor x2  
  68  4:53  Drone x3  
  68  4:54  Drone x2  
  68  4:58  Drone  
  74  5:03  Drone  
  74  5:05  Extractor  
  74  5:07  Overseer x2  
  74  5:13  Glial Reconstitution, Drone x3  
  77  5:18  Overlord  
  77  5:20  Hatchery  
  76  5:27  Zergling x6  
  78  5:30  Overlord x2  
  78  5:32  Drone  
  78  5:34  Evolution Chamber  
  78  5:38  Roach x4  
  78  5:40  Queen  
  88  5:49  Roach x6  
  100  5:56  Overlord  
  100  5:59  Drone, Overlord  
  100  6:00  Infestation Pit  
  100  6:06  Overlord  
  100  6:10  Drone  
  102  6:11  Roach x2  
  102  6:15  Overlord  
  102  6:18  Zerg Missile Weapons Level 2, Roach x2  
  105  6:24  Drone  
  108  6:26  Spore Crawler, Roach x3  
  108  6:28  Roach x2  
  108  6:31  Overlord  
  117  6:37  Hive  
  117  6:38  Zerg Ground Armor Level 1  
  117  6:39  Drone  
  118  6:40  Hydralisk Den  
  118  6:41  Baneling x4  
  118  6:44  Roach x5  
  127  6:47  Roach x2  
  131  6:54  Drone x2  
  131  6:55  Drone x2  
  131  6:57  Extractor  
  134  7:01  Overlord  
  133  7:09  Roach x5  
  143  7:18  Grooved Spines, Drone  
  143  7:20  Lurker Den  
  143  7:24  Drone x2  
  143  7:28  Roach  
  143  7:29  Roach x6  
  159  7:33  Overlord  
  159  7:34  Overlord  
  159  7:37  Overlord  
  159  7:38  Ravager  
  159  7:42  Overlord x2  
  160  7:46  Overseer  
  160  7:51  Overseer  
  160  7:53  Ravager x4  
  160  7:57  Roach x10  
  184  8:01  Roach x3  
  184  8:08  Ravager  
  184  8:09  Ravager, Roach x2  
  184  8:10  Roach  
  190  8:15  Roach  
  190  8:17  Roach  
  190  8:22  Roach x3  
  190  8:23  Roach  
  190  8:26  Ravager x2  
  190  8:31  Queen  
  190  8:33  Roach  
  189  8:35  Roach x2  
  189  8:36  Roach  
  189  8:39  Roach x2  
  189  8:41  Roach x2  
  190  8:42  Roach x2  
  190  8:45  Roach  
  190  8:47  Roach  
  190  8:48  Roach x2  
  164  8:55  Roach  
  145  8:57  Roach  
  145  8:58  Roach  
  145  9:01  Roach  
  138  9:03  Overseer  
  138  9:05  Roach  
  138  9:07  Roach  
  132  9:12  Zerg Missile Weapons Level 3  
  132  9:13  Roach x2  
  136  9:18  Ravager  
  137  9:24  Roach x4  
  137  9:31  Roach x4  
  153  9:34  Ravager x2  
  155  9:38  Roach  
  155  9:42  Roach x5  
  167  9:46  Roach  
  167  9:48  Roach  
  167  9:51  Roach x4  
  177  10:02  Roach x4  
  177  10:06  Hydralisk x2  
  187  10:10  Hydralisk x2  
  187  10:12  Adaptive Talons  
  187  10:15  Drone x2  
  187  10:16  Drone, Overlord  
  190  10:22  Ravager  
  191  10:29  Overlord  
  191  10:32  Overlord  
  187  10:38  Roach x4  
  187  10:40  Roach  
  189  10:45  Roach  
  189  10:48  Roach  
  189  10:49  Lurker x3  
  195  10:53  Roach x4  
  195  10:55  Roach  
  199  11:01  Roach  
  199  11:03  Overlord  
  199  11:05  Spine Crawler  
  199  11:06  Roach  
  199  11:07  Roach  
  198  11:11  Seismic Spines  
  198  11:17  Hydralisk x2  
  200  11:19  Muscular Augments  
  196  11:33  Drone  
  196  11:34  Overseer, Drone  
  196  11:36  Spine Crawler  
  196  11:38  Hydralisk x3  
  196  11:39  Hydralisk  
  195  11:40  Overseer  
  195  11:44  Drone  
  195  11:45  Drone  
  197  11:48  Spore Crawler  
  196  11:56  Hydralisk x4  
  196  11:59  Overseer  
  192  12:02  Lurker  
  192  12:03  Lurker  
  192  12:18  Hydralisk x3  
  192  12:20  Hydralisk  
  192  12:21  Hydralisk x2  
  200  12:23  Roach  
  200  12:25  Hydralisk x3  
  200  12:26  Hydralisk  
  200  12:29  Hydralisk  
  200  12:30  Hydralisk x2, Roach  
  200  12:31  Hydralisk  
  200  12:36  Hydralisk  
  200  12:37  Hydralisk x3  
  198  12:39  Roach  
  198  12:41  Roach  
  198  12:43  Roach  
  200  12:44  Roach  
  200  12:46  Extractor  
  200  12:47  Roach  
  200  12:48  Extractor  
  200  12:49  Roach  
  200  12:53  Spine Crawler  
  200  12:54  Spine Crawler  
  200  12:58  Drone  
  199  13:07  Hatchery  
  198  13:14  Roach  
  200  13:32  Roach  
  199  13:40  Roach  
  200  13:41  Overseer  
Tags
 
Add a new tag
Caveats
  • Supply blocks, unpowered buildings, or Contaminate may cause inaccurate times.
  • Supply counts are checked every 10 seconds.